 Dungeon Crawl Stone Soup version 0.20.0-8-g6b59dc7 (webtiles) character file.

1126 Ketharn the Chopper (level 8, -1/70 HPs)
             Began as a Demonspawn Chaos Knight on May 30, 2017.
             Killed from afar by loom's ghost (4 damage)
             ... with a magic dart
             ... on level 6 of the Dungeon.
             The game lasted 00:23:14 (4054 turns).

Ketharn the Chopper (Demonspawn Chaos Knight)       Turns: 4054, Time: 00:23:15

Health: -1/70      AC: 15    Str: 15    XL:     8   Next: 13%
Magic:  8/8        EV:  8    Int: 14    God:    Xom [.....*]
Gold:   300        SH:  0    Dex: 14    Spells: 7/7 levels left

rFire    + . .     SeeInvis .   s - +0 halberd (freeze)
rCold    . . .     Gourm    .   (shield currently unavailable)
rNeg     . . .     Faith    .   m - +1 chain mail
rPois    .         Spirit   .   y - +1 helmet
rElec    .         Reflect  .   g - +0 cloak
rCorr    .         Harm     .   (no gloves)
MR       +....                  p - +0 pair of boots
Stlth    ..........             (no amulet)
Regen    0.3/turn               (no ring)
MPRegen  0.2/turn               (no ring)

@: confused
A: hooves 1, thin skeletal structure 1, fire resistance 1, magic resistance 1,
powered by pain 1, robust 1, spiny 1
a: Renounce Religion


You were on level 6 of the Dungeon.
You worshipped Xom.
You were Xom's teddy bear.
You were full.

You visited 1 branch of the dungeon, and saw 6 of its levels.

You collected 300 gold pieces.

Inventory:

Hand Weapons
 h - a +0 dagger of venom
 o - a +3 quarterstaff of chaos
 s - a +0 halberd of freezing (weapon)
Missiles
 v - 2 tomahawks of returning (quivered)
 x - 12 tomahawks
Armour
 g - a +0 cloak (worn)
 m - a +1 chain mail (worn)
 p - a +0 pair of boots (worn)
 y - a +1 helmet (worn)
Scrolls
 d - 2 scrolls of fear
 j - a scroll of magic mapping {unknown}
 l - 4 scrolls of teleportation
 n - 3 scrolls of remove curse
Potions
 b - a potion of agility
 e - a potion of curing
 f - a potion of might
 i - a potion of resistance
 k - 2 potions of flight
 q - 2 potions of brilliance
Comestibles
 c - 5 bread rations
 r - 4 royal jellies
 u - 6 fruits


   Skills:
 + Level 5.8 Fighting
   Level 3.4 Long Blades
   Level 7.6(8.0) Axes
   Level 3.5(6.0) Maces & Flails
 * Level 0.3(4.6) Polearms
 + Level 3.7 Throwing
 + Level 5.0 Armour
 + Level 4.2 Dodging
 + Level 1.3 Stealth
   Level 3.5 Shields


You had 7 spell levels left.
You didn't know any spells.

Dungeon Overview and Level Annotations

Branches:
Dungeon (6/15)
 Temple: D:4-7

Altars:
Ashenzari
Nemelex Xobeh
Okawaru
Xom
Yredelemnul
The Shining One

Annotations:
D:6 loom's ghost, novice DECj


Innate Abilities, Weirdness & Mutations

You have large cloven feet.
You have a somewhat thin skeletal structure. (Dex +2, Stealth)
You sometimes gain a little power by taking damage.
You are partially covered in sharp spines.
Your flesh is heat resistant. (rF+)
You are resistant to hostile enchantments. (MR+)
You are robust. (+10% HP)


Message History

"Get over here!"
Loom's ghost blinks!
You are now Xom's teddy bear.
The black bear bites you but does no damage.
The black bear claws you but does no damage. x2
The black bear bites you.
* * * LOW HITPOINT WARNING * * *
The black bear claws you but does no damage.
The black bear completely misses you.
You're too confused to move!
The black bear bites you but does no damage.
The black bear claws you but does no damage. x2
You bump into the rock wall.
The black bear is struck by your spines.
The black bear bites you but does no damage.
The black bear claws you but does no damage. x2
Loom's ghost points at you and mumbles some strange words.
The magic dart hits you!
You die...
Xom cackles wildly!

# #### #### W #..
.... #. #.##..##.
##.# ####.#......
..#...###........#
..........§h@..#
#.##.#.§W##.#
.##....§# #.#
#..##.§§##.#..
#.>##§(§§[.....
..##.....#..#.##
.#. #.##..#..# #.
. #........# # .
##.....#.#


You could see a black bear and loom's ghost.

Vanquished Creatures
  A black bear (D:6)
  An ogre (D:4)
  A bullfrog (D:6)
  2 crimson imps
  A hound (D:6)
  Natasha (thrice) (D:2 D:3)
  3 worker ants
  An orc wizard (D:3)
  7 gnolls
  6 adders
  An ooze (D:2)
  4 worms
  2 dart slugs
  4 leopard geckos
  8 orcs
  A giant cockroach (D:3)
  3 goblins (D:2)
  7 hobgoblins
  7 kobolds
  3 quokkas
  14 bats
  2 frilled lizards
  A leopard gecko skeleton (D:4)
  A quokka skeleton (D:5)
  8 rats
  3 fungi (D:2)
95 creatures vanquished.

Vanquished Creatures (collateral kills)
  Crazy Yiuf (D:2)
  A bush (D:2)
2 creatures vanquished.

Grand Total: 97 creatures vanquished

Notes
Turn   | Place    | Note
-------+----------+-------------------------------------------
     0 | D:1      | Ketharn the Demonspawn Chaos Knight began the quest for the Orb.
     0 | D:1      | Reached XP level 1. HP: 18/18 MP: 1/1
    57 | D:1      | XOM: smoke on damage
    85 | D:1      | XOM: silly message
    87 | D:1      | Reached skill level 3 in Axes
    96 | D:1      | Reached skill level 1 in Dodging
   153 | D:1      | Gained mutation: You are partially covered in sharp spines. [demonic ancestry]
   153 | D:1      | Reached XP level 2. HP: 11/24 MP: 2/2
   174 | D:1      | Gained mutation: Your flesh is heat resistant. (rF+) [potion of mutation]
   174 | D:1      | Gained mutation: You are resistant to hostile enchantments. (MR+) [potion of mutation]
   174 | D:1      | Gained mutation: You are robust. (+10% HP) [potion of mutation]
   182 | D:1      | HP: 1/26 [poisoned by a kobold]
   767 | D:1      | XOM: smoke on damage
   889 | D:1      | XOM: divination: magic mapping
  1137 | D:1      | XOM: harmless Fire miscast
  1250 | D:2      | Gained mutation: You have a somewhat thin skeletal structure. (Dex +2, Stealth) [demonic ancestry]
  1250 | D:2      | Reached XP level 3. HP: 31/31 MP: 3/3
  1480 | D:2      | XOM: harmless Ice miscast
  1524 | D:2      | Noticed Natasha
  1535 | D:2      | Killed Natasha
  1535 | D:2      | Gained mutation: You have large cloven feet. [demonic ancestry]
  1535 | D:2      | Reached XP level 4. HP: 19/38 MP: 4/4
  1566 | D:2      | XOM: god gift: 36 gold pieces
  1637 | D:2      | Noticed Natasha
  1940 | D:2      | Found a runed door.
  1944 | D:2      | Noticed Crazy Yiuf
  1950 | D:2      | Killed Crazy Yiuf
  1950 | D:2      | Reached skill level 4 in Axes
  2062 | D:3      | Gained mutation: You sometimes gain a little power by taking damage. [demonic ancestry]
  2062 | D:3      | Reached XP level 5. HP: 42/45 MP: 5/5
  2164 | D:3      | XOM: mild Air miscast
  2238 | D:3      | XOM: blink monster(s)
  2239 | D:3      | Killed Natasha
  2354 | D:3      | Found an iron altar of Okawaru.
  2377 | D:3      | XOM: enchant monster (bad)
  2482 | D:3      | Noticed Natasha
  2492 | D:3      | Killed Natasha
  2492 | D:3      | Reached XP level 6. HP: 27/52 MP: 6/6
  2732 | D:4      | Found a basalt altar of Yredelemnul.
  2825 | D:4      | Reached skill level 5 in Axes
  2857 | D:4      | Found a shimmering altar of Xom.
  3001 | D:4      | XOM: harmless Erth miscast
  3113 | D:5      | Entered Level 5 of the Dungeon
  3139 | D:5      | XOM: potion effect (experience)
  3139 | D:5      | Reached skill level 5 in Fighting
  3139 | D:5      | Reached skill level 7 in Axes
  3139 | D:5      | Reached XP level 7. HP: 52/62 MP: 7/7
  3140 | D:5      | Reached skill level 1 in Stealth
  3351 | D:5      | Found a glowing golden altar of the Shining One.
  3538 | D:5      | Found a sparkling altar of Nemelex Xobeh.
  3861 | D:6      | Found a shattered altar of Ashenzari.
  3871 | D:6      | XOM: potion effect (brilliance)
  3892 | D:6      | XOM: potion effect (berserk rage)
  3896 | D:6      | XOM: confuse monster(s)
  3986 | D:6      | Reached XP level 8. HP: 66/70 MP: 8/8
  3991 | D:6      | Reached skill level 5 in Armour
  4024 | D:6      | XOM: smoke on damage
  4027 | D:6      | Noticed loom's ghost (novice DECj)
  4044 | D:6      | XOM: fog
  4050 | D:6      | XOM: blink monster(s)
  4051 | D:6      | HP: 2/70 [black bear (3)]
  4054 | D:6      | Killed from afar by loom's ghost

Skill      XL: |  1  2  3  4  5  6  7  8 |
---------------+-------------------------+-----
Axes           | 3 4 7 |  7.6
Dodging        | 1 2 4 |  4.2
Armour         | 2 4 5 |  5.0
Fighting       | 5 |  5.8
Long Blades    | 3 |  3.4
Maces & Flails | 3 |  3.5
Throwing       | 3 |  3.7
Shields        | 3 |  3.5
Stealth        | 1 |  1.3
Polearms       | |  0.3

Action                   |  1- 3 |  4- 6 |  7- 9 || total
-------------------------+-------+-------+-------++-------
Melee: Hand axe          |    92 |   143 |    44 ||   279
       Kick              |       |    45 |     4 ||    49
       Halberd           |       |       |    14 ||    14
Throw: Tomahawk          |       |    16 |     8 ||    24
  Use: Potion            |     2 |     1 |       ||     3
       Scroll            |     1 |    11 |     3 ||    15
 Stab: Confused          |     1 |       |     3 ||     4
       Petrifying        |       |     1 |       ||     1
       Petrified         |       |     1 |       ||     1
       Paralysed         |       |       |     6 ||     6
  Eat: Meat ration       |     1 |       |       ||     1
       Bread ration      |       |     2 |       ||     2
       Chunk             |       |     1 |       ||     1
Armor: Leather armour    |    23 |       |       ||    23
       Chain mail        |    15 |    64 |    57 ||   136
Dodge: Dodged            |    47 |    27 |    30 ||   104
